 Dungeon Crawl Stone Soup version 0.31-a0-626-g8143ab4f1d (webtiles) character file.

Game seed: 17463376753515495964

1 Maratek the Trooper (level 1, 0/18 HPs)
             Began as a Demonspawn Fighter on Aug 24, 2023.
             Slain by a gnoll
             ... wielding a +0 spear
              (2 damage)
             ... on level 1 of the Dungeon.
             The game lasted 00:00:05 (40 turns).

Maratek the Trooper (Demonspawn Fighter)              Turns: 40, Time: 00:00:06

Health: 0/18       AC:  6    Str: 16    XL:     1   Next: 16%
Magic:  1/1        EV:  8    Int:  9    God:
Gold:   0          SH:  4    Dex: 12    Spells: 0/0 levels left

rFire   . . .        a - +0 war axe
rCold   . . .        c - +0 buckler
rNeg    . . .        b - +0 scale mail
rPois   .            (no helmet)
rElec   .            (no cloak)
rCorr   .            (no gloves)
SInv    .            (no boots)
Will    .....        (no amulet) Stlth
                     (no ring)
HPRegen 0.23/turn    (no ring)
MPRegen 0.07/turn

%: no passive effects
@: no status effects
A: no striking features
a: no special abilities


You were on level 1 of the Dungeon.
You visited 1 branch of the dungeon, and saw 1 of its levels.

Inventory:

Hand Weapons
 a - a +0 war axe (weapon)
Armour
 b - a +0 scale mail (worn)
 c - a +0 buckler (worn)
Potions
 d - a potion of might


   Skills:
 + Level 3.0 Fighting
 + Level 1.7 Axes
 + Level 2.8 Armour
 + Level 2.6 Shields


You couldn't memorise any spells.
You didn't know any spells.
Your spell library was empty.

Dungeon Overview and Level Annotations

Branches:
Dungeon (1/15)

Altars:


Message History

You closely miss the goblin. The goblin barely misses you.
You block the gnoll's attack. The goblin hits you but does no damage.
The gnoll hits you from afar with a +0 spear.
You closely miss the goblin. The goblin closely misses you.
The gnoll barely misses you.
You hit the goblin.
The goblin is heavily wounded.
The goblin hits you but does no damage. The gnoll closely misses you.
The gnoll hits you from afar with a +0 spear!
The goblin hits you but does no damage.
You barely miss the goblin.
The goblin is heavily wounded.
The goblin hits you but does no damage. You block the gnoll's attack.
You hit the goblin but do no damage.
The goblin is heavily wounded.
The goblin hits you but does no damage. The gnoll barely misses you.
The gnoll hits you from afar with a +0 spear.
The goblin barely misses you.
You slash the goblin!
You kill the goblin!
The gnoll closely misses you. The gnoll hits you with a +0 spear.
You are too injured to fight recklessly!
You are too injured to fight recklessly!
You are too injured to fight recklessly!
You are too injured to fight recklessly!
You are too injured to fight recklessly!
You are too injured to fight recklessly!
You barely miss the gnoll. The gnoll closely misses you.
You block the gnoll's attack.
You hit the gnoll.
The gnoll is lightly wounded.
The gnoll hits you with a +0 spear.
* * * LOW HITPOINT WARNING * * *
You slash the gnoll!
The gnoll is severely wounded.
The gnoll hits you with a +0 spear.
* * * LOW HITPOINT WARNING * * *
The gnoll hits you with a +0 spear.
You die...

###### ##8.8#####
######.#### ###
#.....>....#...
#.##.......#.####
#..............
..........#..###
#.#.##....##..# #
#......!....#
#####g@.###.#
........).#
#####...#..#
#...##.# #...# .#
#...# .. #...# ..
#...# ###


You could see a gnoll.

Vanquished Creatures
  A goblin (D:1)
1 creature vanquished.

Notes
Turn   | Place    | Note
-------+----------+-------------------------------------------
     0 | D:1      | Maratek the Demonspawn Fighter began the quest for the Orb.
     0 | D:1      | Reached XP level 1. HP: 18/18 MP: 1/1
    40 | D:1      | Slain by a gnoll

Illustrated notes

Levels and vault maps discovered:
D:1:      eino_arrival_cavern_e, layout_basic

Action                     || total
---------------------------++-------
  Melee: War axe           ||    11
 Armour: Scale mail        ||     7
  Dodge: Dodged            ||     8
  Block: Buckler           ||     4

Table legend: (Time is in decaauts)
 A = Elapsed time spent in this place.
 B = Non-inter-level travel time spent in this place.
 C = Inter-level travel time spent in this place.
 D = Time resting spent in this place.
 E = Time spent auto-exploring this place.
 F = Levels seen in this place.
 G = Mean time per level.
                   A        B        C        D        E       F      G
               +--------+--------+--------+--------+--------+-----+--------+
         Total |     44 |     44 |      0 |      0 |     24 |   1 |   44.0 |
       Dungeon |     44 |     44 |      0 |      0 |     24 |   1 |   44.0 |
               +--------+--------+--------+--------+--------+-----+--------+

Top non-repeatable levels by time:
     D:1: 44 daAuts
